 Dungeon Crawl Stone Soup version 0.20.0-8-g6b59dc7 (webtiles) character file.

239 MTVSty1e the Ruffian (level 5, 0/45 HPs)
             Began as a Draconian Transmuter on June 2, 2017.
             Succumbed to Terence's poison
             ... on level 4 of the Dungeon.
             The game lasted 00:11:36 (4270 turns).

MTVSty1e the Ruffian (Draconian Transmuter)         Turns: 4270, Time: 00:11:37

Health: 0/45       AC:  5    Str: 13    XL:     5   Next: 79%
Magic:  7/8        EV: 11    Int: 18    God:
Gold:   183        SH:  7    Dex: 12    Spells: 2/8 levels left

rFire    . . .     SeeInvis .     - Unarmed
rCold    . . .     Gourm    .   r - +0 buckler
rNeg     . . .     Faith    .   (armour unavailable)
rPois    .         Spirit   .   (helmet restricted)
rElec    .         Reflect  +   (no cloak)
rCorr    .         Harm     .   (no gloves)
MR       .....                  (no boots)
Stlth    +.........             n - +4 amulet of reflection
Regen    0.2/turn               (no ring)
MPRegen  0.2/turn               (no ring)

@: brilliant, lethally poisoned (0 -> -46), very slightly contaminated
A: unfitting armour, cold-blooded, AC +5
a: no special abilities


You were on level 4 of the Dungeon.
You were not hungry.

You visited 1 branch of the dungeon, and saw 4 of its levels.

You collected 183 gold pieces.

Inventory:

Missiles
 a - 53 arrows
Armour
 m - a +2 large shield
 r - a +0 buckler (worn)
Jewellery
 n - a +4 amulet of reflection (around neck)
Scrolls
 d - 2 scrolls of identify
 e - a scroll of teleportation
 i - a scroll of remove curse
Books
 b - a book of Changes

   Spells                             Type                      Level
   a - Beastly Appendage              Transmutation                1
   b - Sticks to Snakes               Transmutation                2
   c - Spider Form                    Transmutation/Poison         3
   d - Ice Form                       Ice/Transmutation            4
   e - Blade Hands                    Transmutation                5
Comestibles
 c - a bread ration
 p - 2 meat rations


   Skills:
 + Level 3.1 Fighting
 - Level 1.7 Dodging
 + Level 0.4 Shields
 * Level 5.5 Unarmed Combat
 - Level 2.0 Spellcasting
 * Level 2.6 Transmutations


You had 2 spell levels left.
You knew the following spells:

 Your Spells              Type           Power        Failure   Level  Hunger
a - Beastly Appendage     Tmut           ###...       1%          1    #......
b - Blade Hands           Tmut           ###.......   26%         5    ######.


Dungeon Overview and Level Annotations

Branches:
Dungeon (4/15)
 Temple: D:4-7

Altars:
Qazlal

Annotations:
D:4 miragecloak's ghost, amateur OpTm


Innate Abilities, Weirdness & Mutations

Your plain brown scales are hard. (AC +5)
You cannot fit into any form of body armour.
You are cold-blooded and may be slowed by cold attacks.


Message History

You feel sick. Terence hits you but does no damage.
You are more poisoned.
It was a potion of brilliance.
You feel clever all of a sudden.
You feel sick.
Terence hits you with a short sword of venom!
* * * LOW HITPOINT WARNING * * *
You are more poisoned.
You barely miss Terence.
Terence is almost dead.
* * * LOW HITPOINT WARNING * * *
You feel very sick.
Terence hits you with a short sword of venom.
* * * LOW HITPOINT WARNING * * *
You are more poisoned.
Unknown command.
Unknown command.
You punch Terence!
You kill Terence!
You die...

,,,,,*,*******,,,,,******#.#...#
******,* *,,,,,* #.#.#.#
,,,***+***** ******* #.#.#.#
,,,,,,,,,,,**** #.#.#.#
*,,,,,,,,,,,,,* ######.#.#.#
*,,,,,,,,,.##.#######...##.#.#.#
**,,,,,,,,.........##.#.##.#.#>##
*,,,****########..#.............
**,*,,,,.......@#.......#.#####.
***,*,,*,.....#).#...#...#.....#.
*,,,,**,,...,..##[.#.#########.#.
*,,,,,,,,.,[...............# #...
*,,,,,,,,....#.#####.#####.# ####
****,,,,,#...#.........W.#.#
*,,,,,#..,#######.###.#.#
*****#+#*#.,,+,,,..........#
*,####.##*,,,****###.###.#W###


There were no monsters in sight!

Vanquished Creatures
  A centaur zombie (D:4)
  Terence (D:4)
  A worker ant (D:3)
  3 adders
  4 gnolls
  An ooze (D:3)
  3 worms (D:3)
  4 leopard geckos
  4 orcs (D:3)
  A ball python (D:3)
  A giant cockroach (D:3)
  3 goblins (D:3)
  9 hobgoblins
  9 jackals
  11 kobolds
  A quokka (D:3)
  8 bats
  4 frilled lizards
  8 rats
77 creatures vanquished.

Notes
Turn   | Place    | Note
-------+----------+-------------------------------------------
     0 | D:1      | MTVSty1e the Draconian Transmuter began the quest for the Orb.
     0 | D:1      | Reached XP level 1. HP: 16/16 MP: 3/3
   565 | D:1      | Reached XP level 2. HP: 23/23 MP: 3/5
   900 | D:1      | You fall through a shaft!
   969 | D:2      | Found a stormy altar of Qazlal.
  1227 | D:1      | Reached XP level 3. HP: 29/29 MP: 4/6
  1349 | D:2      | Noticed Terence
  1648 | D:2      | Reached skill level 4 in Unarmed Combat
  2581 | D:3      | Reached XP level 4. HP: 16/37 MP: 5/7
  2966 | D:3      | Reached skill level 5 in Unarmed Combat
  3323 | D:3      | Reached XP level 5. HP: 36/44 MP: 8/8
  3459 | D:3      | Learned a level 5 spell: Blade Hands
  4125 | D:4      | Noticed miragecloak's ghost (amateur OpTm)
  4269 | D:4      | HP: 2/45 [Terence/short sword of venom (6)]
  4270 | D:4      | Killed Terence
  4270 | D:4      | Succumbed to Terence's poison

Skill      XL: |  1  2  3  4  5 |
---------------+----------------+-----
Unarmed Combat | 4 5 |  5.5
Fighting       | 2 3 |  3.1
Dodging        | |  1.7
Shields        | |  0.4
Spellcasting   | |  2.0
Transmutations | |  2.6

Action                   |  1- 3 |  4- 6 || total
-------------------------+-------+-------++-------
Melee: Unarmed           |   146 |   156 ||   302
       Tailslap          |    11 |    14 ||    25
       Kick              |     8 |    16 ||    24
       Headbutt          |     6 |     7 ||    13
       Punch             |     1 |     3 ||     4
 Cast: Beastly Appendage |    31 |    17 ||    48
  Use: Scroll            |     2 |     7 ||     9
       Potion            |     2 |     1 ||     3
  Eat: Bread ration      |     1 |     1 ||     2
       Fruit             |     2 |       ||     2
       Royal jelly       |       |     1 ||     1
Armor: Skin              |    48 |    40 ||    88
Dodge: Dodged            |    83 |    88 ||   171
Block: Other             |    14 |    21 ||    35
       Buckler           |       |     6 ||     6
